 Dungeon Crawl Stone Soup version 5.7-8-g3a8b389 (webtiles) character file.

38 Sir the Grave Robber (level 4, -7/27 HPs)
             Began as a Jiangshi Necromancer on Sept 13, 2018.
             Killed by divine providence
             ... invoked by an orc priest
              (12 damage)
             ... on level 3 of the Dungeon.
             The game lasted 00:03:52 (1750 turns).

Sir the Grave Robber (Jiangshi Necromancer)         Turns: 1750, Time: 00:03:53

Health: -7/27      AC:  3 (0%)Str:  7   XL:     4   Next: 12%
Magic:  3/3        EV: 16    Int: 18    God:
Gold:   108        SH:  0    Dex: 14    Spells: 4/8 levels left

rFire    . . .     SeeInvis +   d - +0 dagger
rCold    + . .     Faith    .   (no shield)
rNeg     + + .     Spirit   .   a - +0 robe
rPois    +         Reflect  .   g - +0 helmet
rElec    .         Clarity  +   (no cloak)
rCorr    .                      (no gloves)
MR       .....                  (no boots)
Stlth    ++++......             (no amulet)
Regen    0.6/turn               i - +3 ring of evasion
MPRegen  0.2/turn               (no ring)

@: regenerating
A: hp from kills, fangs 3, see invisible, clarity, cold resistance 1, frail 1,
negative energy resistance 2, poison resistance, unbreathing, stiff legs 1
a: Hop, End Regeneration


You were on level 3 of the Dungeon.
You were not thirsty.

You visited 1 branch of the dungeon, and saw 3 of its levels.

You collected 108 gold pieces.

Inventory:

Hand Weapons
 d - a +0 dagger (weapon)
Missiles
 b - 12 frenzy darts (quivered)
Armour
 a - a +0 robe (worn)
 g - a +0 helmet (worn)
Jewellery
 i - a +3 ring of evasion (left hand)
Scrolls
 e - 3 scrolls of teleportation
 f - a scroll of enchant weapon
 h - a scroll of magic mapping
 j - a scroll of blinking
Potions
 c - 2 potions of cancellation


   Skills:
 * Level 2.5 Blades
 - Level 2.1 Dodging
 + Level 3.7 Stealth
 + Level 2.7 Hexes
 + Level 5.7 Necromancy


You had 4 spell levels left.
You knew the following spells:

 Your Spells              Type           Power        Failure   Level  Hunger
a - Pain                  Necr           20 (25)      1%          1    N/A
b - Regeneration          Chrm/Necr      10 (200)     21%         3    N/A

Your spell library contained the following spells:

 Spells                   Type           Power        Failure   Level  Hunger
 Animate Dead             Necr           20 (200)     21%         4    N/A
 Control Undead           Necr           20 (200)     21%         4    N/A
 Vampiric Draining        Necr           20 (200)     6%          3    N/A
 Sublimation of Blood     Necr           20 (200)     3%          2    N/A

Dungeon Overview and Level Annotations

Branches:
Dungeon (3/15)

Altars:
Dithmenos
Vehumet
Yredelemnul
Zin


Innate Abilities, Weirdness & Mutations

You sometimes restore health when killing living enemies.
You have razor-sharp teeth.
You have supernaturally acute eyesight. (SInv)
Your flesh is cold resistant. (rC+)
You are quite resistant to negative energy. (rN++)
Your system is resistant to poisons. (rPois)
You can survive without breathing.
You can hop short distances.
You possess an exceptional clarity of mind.
You are frail. (-10% HP)


Message History

The jackal bites you (1). The jackal misses you.
You hit the jackal (2).
The jackal is moderately wounded.
The jackal closely misses you.
You hit the jackal but do no damage. Your bite misses the jackal.
The jackal is moderately wounded.
The jackal closely misses you.
You barely miss the jackal.
The jackal is moderately wounded.
The jackal bites you (2). The jackal barely misses you.
The jackal barely misses you.
The orc priest invokes the aid of Beogh against you.
Beogh smites you (9)! The jackal closely misses you. x2
The orc priest mumbles some strange prayers to Beogh against you.
Beogh smites you (12)!
* * * LOW HITPOINT WARNING * * *
The orc priest calls down the wrath of Beogh upon you.
Beogh smites you (12)!
You die...

.# .# .# .. . # .# g.#.
.#
....#############.###..#
......rgoo.....h@.$...#
###.....#####.hh###.###
#.P.P.# #.#.#.# #.._..#
#........
#.P.P..##..#.#....#
#...o.....#....####
#.#.#####. #.#.. #...#
#.##.#.## #.### ..#.#


You could see an orc priest and 3 jackals.

Vanquished Creatures
  An adder (D:2)
  An ooze (D:2)
  3 dart slugs
  3 quokkas
  6 ball pythons (D:2)
  6 goblins
  6 hobgoblins
  2 jackals (D:1)
  4 kobolds
  5 bats (D:1)
  6 frilled lizards
  9 rats
52 creatures vanquished.

Notes
Turn   | Place    | Note
-------+----------+-------------------------------------------
     0 | D:1      | Sir the Jiangshi Necromancer began the quest for the Orb.
     0 | D:1      | Reached XP level 1. HP: 13/13 MP: 2/2
    34 | D:1      | Reached skill level 1 in Hexes
   369 | D:1      | Reached XP level 2. HP: 18/19 MP: 4/4
   497 | D:1      | Reached skill level 1 in Blades
   610 | D:1      | Gained mutation: You are frail. (-10% HP) [potion of mutation]
   610 | D:1      | Gained mutation: You possess an exceptional clarity of mind. [potion of mutation]
   752 | D:1      | Reached XP level 3. HP: 18/21 MP: 6/6
   754 | D:1      | Learned a level 3 spell: Regeneration
  1203 | D:2      | Found a faded altar of an unknown god.
  1436 | D:2      | Found a glowing silver altar of Zin.
  1438 | D:2      | Found a radiant altar of Vehumet.
  1441 | D:2      | Found a shadowy altar of Dithmenos.
  1573 | D:2      | Reached XP level 4. HP: 17/27 MP: 3/3
  1727 | D:3      | Found a basalt altar of Yredelemnul.
  1750 | D:3      | Killed from afar by an orc priest

Skill      XL: |  1  2  3 |
---------------+----------+-----
Hexes          | 1 2 |  2.7
Blades         | 1 2 |  2.5
Dodging        | |  2.1
Stealth        | |  3.7
Necromancy     | |  5.7

Action                   |  1- 3 |  4- 6 || total
-------------------------+-------+-------++-------
Melee: Unarmed           |    18 |       ||    18
       Dagger            |   103 |    33 ||   136
       Bite              |     9 |     1 ||    10
 Cast: Pain              |    11 |       ||    11
       Regeneration      |     1 |       ||     1
 Abil: Hop               |     1 |       ||     1
  Use: Potion            |     1 |       ||     1
 Stab: Sleeping          |    23 |     1 ||    24
Armor: Robe              |    14 |     2 ||    16
Dodge: Dodged            |    77 |    47 ||   124
